 Dungeon Crawl Stone Soup version 0.23.1 (webtiles) character file.

Game seed: 10321816564332868620

178 Borgoz the Sneak (level 5, 0/40 HPs)
             Began as a Ghoul Enchanter on Mar 14, 2019.
             Was an Initiate of Ashenzari.
             Slain by Sigmund
             ... wielding a cursed -3 scythe
              (12 damage)
             ... on level 3 of the Dungeon.
             The game lasted 00:04:58 (2273 turns).

Borgoz the Sneak (Ghoul Enchanter)                  Turns: 2273, Time: 00:04:58

Health: 0/40       AC:  5    Str: 17    XL:     5   Next: 58%
Magic:  7/7        EV: 12    Int: 10    God:    Ashenzari [......]
Gold:   106        SH:  0    Dex: 10    Spells: 7/8 levels left

rFire    . . .     SeeInvis .   a - +1 dagger
rCold    + . .     Gourm    .   (no shield)
rNeg     + + +     Faith    .   f - +0 leather armour
rPois    ∞         Spirit   .   (no helmet)
rElec    .         Reflect  .   (no cloak)
rCorr    .         Harm     .   k - +1 pair of gloves
MR       +....                  (no boots)
Stlth    ++........             (no amulet)
HPRegen  0.00/turn              l - +5 ring of strength
MPRegen  0.10/turn              j - ring of protection from magic

@: rotting, hasted, very quick
A: rotting body, claws 1, carnivore, cold resistance 1, negative energy
resistance 3, inhibited regeneration, torment resistance, unbreathing
a: Curse Item, Renounce Religion


You were on level 3 of the Dungeon.
You worshipped Ashenzari.
Ashenzari was noncommittal.
You were not hungry.

You visited 1 branch of the dungeon, and saw 3 of its levels.

You collected 106 gold pieces.

Inventory:

Hand Weapons
 a - a +1 dagger (weapon)
Missiles
 o - 8 javelins (quivered)
Armour
 f - a +0 leather armour (worn)
 k - a +1 pair of gloves (worn)
Jewellery
 b - an uncursed ring of stealth
 j - a ring of protection from magic (right hand)
 l - a +5 ring of strength (left hand)
Wands
 c - a wand of polymorph (6)
Potions
 i - a potion of resistance
Comestibles
 d - 4 rations


   Skills:
 + Level 1.0 Fighting
 * Level 2.1 Short Blades
 * Level 1.7 Armour
 * Level 2.6 Dodging
 + Level 3.8 Stealth
 + Level 2.1 Spellcasting
 * Level 3.1 Hexes


You had 7 spell levels left.
You knew the following spells:

 Your Spells              Type           Power        Failure   Level  Hunger
a - Corona                Hex            #......      10%         1    ##.....

Your spell library contained the following spells:

 Spells                   Type           Power        Failure   Level  Hunger
 Ensorcelled Hibernation  Hex/Ice        #.....       28%         2    ###....
 Confuse                  Hex            #.......     30%         3    ####...
 Tukima's Dance           Hex            #.......     30%         3    ####...
 Dazzling Spray           Conj/Hex       #.....       50%         3    ####...


Dungeon Overview and Level Annotations

Branches:
Dungeon (3/15)

Altars:
Ashenzari
Gozag
Kikubaaqudgha
Zin

Annotations:
D:3 Sigmund


Innate Abilities, Weirdness & Mutations

Your body is rotting away.
You thrive on raw meat.
You are immune to poison.
You have sharp fingernails.
You are carnivorous and can eat meat at any time.
Your flesh is cold resistant. (rC+)
You are immune to negative energy. (rN+++)
You do not regenerate when monsters are visible.
You are immune to unholy pain and torment.
You can survive without breathing.


Message History

Sigmund misses you.
You hit Sigmund.
Sigmund is severely wounded.
A leopard gecko comes into view.
The leopard gecko hisses angrily.
You hit Sigmund but do no damage.
Sigmund is severely wounded.
You closely miss Sigmund.
Sigmund is severely wounded.
Sigmund misses you.
A hobgoblin comes into view. It is wielding a +0 club.
You hit Sigmund.
Sigmund is severely wounded.
You closely miss Sigmund.
Sigmund is severely wounded.
You hit the goblin.
The goblin is moderately wounded.
The goblin closely misses you.
Sigmund hits you with a cursed -3 scythe!
You die...

********#.####......#####.###*,,,
,<,* #.####.######** *.# *,,**
**,* #......# *,,***,***,** *,*
#..##### *,,**,,,,,,* *,* #..##
*,,##.,***** *,* #...# *,....,*
*,* #.#.## *##..#**,* * *,**
#.#..#####....# *,* * *,,*
#.##.#.)@g....# *,*** * **,**
#.*#...##@)...# *,,,*****
*<,***#.*#..###.....# ***,,,,**
**,,,,#.*####,......# ****,,*
****,,,* ***,#.l...# **,,
**,,***,,,#.....# **,
*,,,**,**#g....# ** *,*,*,,*
##..### * *,*,,,** *,,******


You could see Sigmund, a leopard gecko, a hobgoblin and a goblin.

Vanquished Creatures
  An orc priest (D:3)
  Jessica (D:3)
  4 adders (D:2)
  2 dart slugs (D:1)
  4 leopard geckos
  2 orcs (D:3)
  5 giant cockroaches
  10 goblins
  10 hobgoblins
  7 jackals (D:1)
  3 quokkas
  2 ball pythons
  5 bats
  4 frilled lizards
  6 kobolds
  2 rats (D:1)
68 creatures vanquished.

Notes
Turn   | Place    | Note
-------+----------+-------------------------------------------
     0 | D:1      | Borgoz the Ghoul Enchanter began the quest for the Orb.
     0 | D:1      | Reached XP level 1. HP: 14/14 MP: 2/2
    28 | D:1      | Reached skill level 1 in Short Blades
    37 | D:1      | Reached XP level 2. HP: 13/20 MP: 3/3
   206 | D:1      | HP: 1/20 [jackal (3)]
   395 | D:1      | Reached XP level 3. HP: 18/26 MP: 5/5
   996 | D:1      | Reached skill level 1 in Armour
  1392 | D:2      | Reached XP level 4. HP: 34/34 MP: 6/6
  1681 | D:2      | Found an opulent altar of Gozag.
  1682 | D:2      | Found a shattered altar of Ashenzari.
  1682 | D:2      | Found an ancient bone altar of Kikubaaqudgha.
  1684 | D:2      | Found a glowing silver altar of Zin.
  1699 | D:2      | Became a worshipper of Ashenzari the Shackled
  2144 | D:3      | Noticed Jessica
  2170 | D:3      | Killed Jessica
  2170 | D:3      | Reached XP level 5. HP: 28/39 MP: 7/7
  2200 | D:3      | Noticed Sigmund
  2206 | D:3      | Reached skill level 1 in Fighting
  2273 | D:3      | Slain by Sigmund

Skill      XL: |  1  2  3  4  5 |
---------------+----------------+-----
Short Blades   | 1 2 |  2.1
Spellcasting   | 2 |  2.1
Dodging        | 2 |  2.6
Armour         | 1 |  1.7
Hexes          | 3 |  3.1
Fighting       | 1 |  1.0
Stealth        | |  3.8

Action                   |  1- 3 |  4- 6 || total
-------------------------+-------+-------++-------
Melee: Dagger            |   211 |   162 ||   373
 Cast: Corona            |       |     1 ||     1
  Use: Scroll            |     1 |     5 ||     6
       Potion            |       |     2 ||     2
 Stab: Sleeping          |     4 |     6 ||    10
  Eat: Chunk             |    13 |    15 ||    28
Armor: Robe              |     8 |       ||     8
       Leather armour    |    42 |    41 ||    83
Dodge: Dodged            |   128 |   112 ||   240
